 Dungeon Crawl Stone Soup version 0.23.0 (webtiles) character file.

Game seed: 14239529876073925321

4 LostNumber the Insei (level 1, 0/15 HPs)
             Began as a Demonspawn Transmuter on Feb 11, 2019.
             Slain by a jackal (1 damage)
             ... on level 1 of the Dungeon.
             The game lasted 00:00:21 (50 turns).

LostNumber the Insei (Demonspawn Transmuter)          Turns: 50, Time: 00:00:21

Health: 0/15       AC:  2    Str: 10    XL:     1   Next: 58%
Magic:  3/3        EV: 12    Int: 14    God:
Gold:   3          SH:  0    Dex: 13    Spells: 3/4 levels left

rFire    . . .     SeeInvis .     - Unarmed
rCold    . . .     Gourm    .   (no shield)
rNeg     . . .     Faith    .   b - +0 robe
rPois    .         Spirit   .   (no helmet)
rElec    .         Reflect  .   (no cloak)
rCorr    .         Harm     .   (no gloves)
MR       .....                  (no boots)
Stlth    +.........             (no amulet)
HPRegen  0.05/turn              (no ring)
MPRegen  0.08/turn              (no ring)

@: appendage (expiring)
A: horns 2
a: End Transformation


You were on level 1 of the Dungeon.
You were not hungry.
You had grown temporary horns.
You visited 1 branch of the dungeon, and saw 1 of its levels.

You collected 3 gold pieces.

Inventory:

Missiles
 a - 12 arrows
Armour
 b - a +0 robe (worn)
Scrolls
 c - a scroll of identify {unknown}
Comestibles
 e - a ration {!d}


   Skills:
 + Level 1.1 Fighting
 + Level 1.8 Dodging
 * Level 2.8 Unarmed Combat
 + Level 2.0 Spellcasting
 + Level 1.8 Transmutations


You had 3 spell levels left.
You knew the following spells:

 Your Spells              Type           Power        Failure   Level  Hunger
a - Beastly Appendage     Tmut           #.....       11%         1    ##.....

Your spell library contained the following spells:

 Spells                   Type           Power        Failure   Level  Hunger
 Sticks to Snakes         Tmut           #.......     17%         2    ###....
 Spider Form              Tmut/Pois      #.........   43%         3    ####...
 Ice Form                 Ice/Tmut       #.......     85%         4    #####..
 Blade Hands              Tmut           #.........   97%         5    ######.


Dungeon Overview and Level Annotations

Branches:
Dungeon (1/15)

Altars:


Innate Abilities, Weirdness & Mutations

You have a pair of horns on your head.


Message History

You hit the jackal.
You kill the jackal!
You hit the rat.
You kill the rat!
You hit the jackal. You headbutt the jackal.
You kill the jackal!
The jackal closely misses you.
The jackal bites you but does no damage.
Items here: †††† a jackal corpse; a rat corpse; a jackal corpse x2
You closely miss the jackal. The jackal bites you.
You barely miss the jackal. Your headbutt misses the jackal.
The jackal barely misses you.
A rat comes into view.
You hit the jackal but do no damage.
The jackal bites you but does no damage.
The jackal closely misses you.
You barely miss the jackal. The jackal barely misses you.
You barely miss the jackal. Your headbutt misses the jackal.
Your transformation is almost over.
The jackal bites you.
* * * LOW HITPOINT WARNING * * *
You hit the jackal. The jackal bites you.
* * * LOW HITPOINT WARNING * * *
The jackal barely misses you.
You hit the jackal.
The jackal bites you but does no damage.
You closely miss the jackal.
The jackal bites you but does no damage.
The rat twitches its whiskers.
The jackal bites you.
* * * LOW HITPOINT WARNING * * *
You closely miss the jackal.
The jackal bites you but does no damage.
You hit the jackal but do no damage.
You headbutt the jackal, but do no damage.
The jackal bites you.
* * * LOW HITPOINT WARNING * * *
You hit the jackal.
The jackal bites you but does no damage.
The jackal bites you.
* * * LOW HITPOINT WARNING * * *
You miss the jackal.
You headbutt the jackal, but do no damage.
The jackal closely misses you.
You hit the jackal but do no damage. Your headbutt misses the jackal.
The jackal barely misses you.
You hit the jackal but do no damage. The jackal closely misses you.
You closely miss the jackal. The jackal bites you.
You die...

.......... ..# #
......h.... .. #. ...
#...#.##.#..# #.. ...
#............ ..# #.#
#.....# .#..#
#.##.##.###..##....# .
#.#.#.###..........
...###...###.........##
.......<..@hr...####>#
...###...###....# #
#.#.#.###...#
#.##.##.###..#
..###.###.....#
#..##...##.....#
#..#.....#...###
##.........###
###########


You could see a jackal and a rat.

Vanquished Creatures
  3 jackals (D:1)
  A rat (D:1)
4 creatures vanquished.

Notes
Turn   | Place    | Note
-------+----------+-------------------------------------------
     0 | D:1      | LostNumber the Demonspawn Transmuter began the quest for
                  | the Orb.
     0 | D:1      | Reached XP level 1. HP: 15/15 MP: 3/3
    50 | D:1      | Slain by a jackal

Action                   || total
-------------------------++-------
Melee: Unarmed           ||    22
       Headbutt          ||     3
 Cast: Beastly Appendage ||     2
Armor: Robe              ||     9
Dodge: Dodged            ||    10
